 Dungeon Crawl Stone Soup version 0.30-b1-2-g02819fbbbe (webtiles) character file.

Game seed: 17614217622215945881

22536 erloom the Grappler (level 12, -9/121 HPs)
             Began as a Black Draconian Transmuter on May 16, 2023.
             Was an Elder of Makhleb.
             Mangled by a reaper
             ... wielding a +1 scythe of freezing
              (15 damage)
             ... in an ice cave on May 17, 2023.
             The game lasted 00:46:32 (18240 turns).

erloom the Grappler (Black Draconian Transmuter)   Turns: 18240, Time: 00:46:33

Health: -9/121     AC: 10    Str: 14    XL:     12   Next: 63%
Magic:  19/22      EV: 32    Int: 24    God:    Makhleb [****..]
Gold:   723        SH:  0    Dex: 11    Spells: 17/25 levels left

rFire   x .          .
                       - Unarmed
rCold   + + +        P - melded +0 buckler
rNeg    . . .        (body armour unavailable)
rPois   +            (helmet currently unavailable)
rElec   .            j - melded +0 cloak
rCorr   .            o - melded +0 pair of gloves
SInv    .            (boots currently unavailable)
Will    .....        v - amulet of the acrobat
Stlth   +            r - +5 ring of evasion
HPRegen 0.40/turn    D - +6 ring of intelligence
MPRegen 0.18/turn

%: acrobat
@: about to teleport, ice-form, acrobatic
A: freezing attack, amphibious, boosted hp, (breathe lightning), AC +8, large,
unfitting armour, (electricity resistance), (cold-blooded)
a: End Transformation, Renounce Religion, Minor Destruction, Lesser Servant of
Makhleb, Major Destruction


You were in an ice cave.
You worshipped Makhleb.
Makhleb was greatly pleased with you.
You were a creature of crystalline ice.
You visited 4 branches of the dungeon, and saw 18 of its levels.
You also visited: Ice Cave.

You collected 723 gold pieces.

Inventory:

Hand Weapons
 K - the +9 lance "Wyrmbane" {slay drac, rPois rF+ rC+ AC+3}
   (You took it off Maggie on level 1 of the Lair of Beasts)

   AC:        It affects your AC (+3).
   rF:        It protects you from fire.
   rC:        It protects you from cold.
   rPois:     It protects you from poison.
Missiles
 a - a throwing net
 y - 4 javelins
 I - 4 boomerangs
Armour
 h - an orb of wrath
 j - a +0 cloak (melded)
 o - a +0 pair of gloves (melded)
 P - a +0 buckler (melded)
 Q - a +1 buckler of cold resistance
Jewellery
 r - a +5 ring of evasion (left front paw)
 t - an amulet of regeneration
 u - an amulet of faith
 v - an amulet of the acrobat (around neck)
 D - a +6 ring of intelligence (right front paw)
 G - an amulet of reflection
Wands
 n - a wand of paralysis (23)
 A - a wand of quicksilver (19)
 F - a wand of roots (4)
Scrolls
 b - a scroll of poison
 c - 8 scrolls of teleportation
 d - 3 scrolls of enchant armour
 f - 4 scrolls of blinking {unknown}
 g - 2 scrolls of vulnerability {unknown}
 i - 6 scrolls of fog {unknown}
 l - 2 scrolls of immolation {unknown}
 x - a scroll of amnesia {unknown}
 z - 3 scrolls of fear {unknown}
 B - a scroll of noise {unknown}
 C - 3 scrolls of enchant weapon {unknown}
 H - a scroll of magic mapping {unknown}
 O - 3 scrolls of identify
Potions
 e - 2 potions of attraction
 k - 6 potions of ambrosia
 m - 4 potions of curing
 p - 2 potions of resistance
 q - 2 potions of brilliance
 s - 7 potions of might {unknown}
 w - a potion of cancellation
 E - 3 potions of berserk rage
 J - a potion of degeneration
 L - a potion of invisibility
 N - a potion of flight {unknown}
Miscellaneous
 M - a condenser vane


   Skills:
 + Level 8.1 Fighting
 + Level 8.0 Dodging
 + Level 1.0 Stealth
 * Level 12.1 Unarmed Combat
 - Level 7.0 Spellcasting
 - Level 11.0 Transmutations
 - Level 5.0 Ice Magic
 - Level 2.0 Poison Magic


You had 17 spell levels left.
You knew the following spells:

 Your Spells              Type           Power      Damage    Failure   Level
a - Beastly Appendage     Tmut           100%       N/A       1%          1
b - Spider Form           Tmut/Pois      39%        N/A       1%          3
c - Ice Form              Ice/Tmut       46%        N/A       2%          4

Your spell library contained the following spells:

 Spells                   Type           Power      Damage    Failure   Level
 Passwall                 Tmut/Erth      28%        N/A       1%          2
 Wereblood                Tmut           57%        N/A       1%          2
 Ensorcelled Hibernation  Hex/Ice        40%        N/A       3%          2
 Magic Dart               Conj           32%        1d4       7%          1
 Searing Ray              Conj           16%        2d5       11%         2
 Gell's Gravitas          Tloc           8%         N/A       22%         3
 Swiftness                Air            8%         N/A       22%         3
 Teleport Other           Tloc           8%         N/A       22%         3
 Vhi's Electric Charge    Tloc/Air       16%        N/A       22%         3
 Fulminant Prism          Conj/Hex       4%         3d5       56%         4
 Arcjolt                  Conj/Air       4%         1d14      89%         5
 Dispersal                Tloc           4%         N/A       100%        6
 Maxwell's Capacitive Co  Air            4%         ∞         100%        8


Dungeon Overview and Level Annotations

Branches:
Dungeon (12/15)            Temple (1/1) D:6            Lair (4/5) D:10
  Swamp (0/4) Lair:2       Spider (0/4) Lair:3          Orc (1/2) D:11
  IceCv (1/1)
  Slime: Lair:4-5

Altars:
Ashenzari
Cheibriados
Dithmenos
Elyvilon
Fedhas
Gozag
Hepliaklqana
Makhleb
Nemelex Xobeh
Qazlal
Ru
Sif Muna
Trog
Uskayaw
Vehumet
Wu Jian
Xom
Zin
The Shining One

Shops:
D:8 (   D:11 [

Annotations:
D:11 2 transporters + digging haut droite
Lair:1 2 transporters, Bukhlaj's ghost, journeyman HOFi


Innate Abilities, Weirdness & Mutations

You are a creature of crystalline ice.
You have a powerful freezing melee attack.
You are amphibious.
Your maximum health is increased.
Your armour is entirely melded.
You are incapable of wielding weapons or throwing items.
((You can breathe wild blasts of lightning.))
((Your glossy black scales are hard. (AC +8)))
You cannot fit into any form of body armour.
((You are resistant to electric shocks. (rElec)))
((You are cold-blooded and may be slowed by cold attacks.))


Message History

A reaper comes into view. It is wielding a +1 scythe of freezing.
Found a scroll of enchant armour and 6 stones.
The reaper misses you.
Unknown command.
Casting: Ice Form (dangerous; 3% risk of failure)
Confirm with . or Enter, or press ? or * to list all spells.
You turn into a creature of crystalline ice.
Your +0 cloak melds into your body.
Your +0 pair of gloves melds into your body.
Your +0 buckler melds into your body.
The reaper hits you from afar with a +1 scythe of freezing!!
The reaper freezes you.
Found a spear of freezing and a +6 ring of intelligence.
The reaper hits you with a +1 scythe of freezing!!
There is an open door here.
Unknown command.
Unknown command.
You completely miss the reaper. The reaper misses you.
You hit the reaper. You freeze the reaper.
The reaper is lightly wounded.
The reaper smiles without lips.
The reaper hits you with a +1 scythe of freezing!!
* * * LOW HITPOINT WARNING * * *
The reaper freezes you.
* * * LOW HITPOINT WARNING * * *
Okay, then.
Press: ? - help, v - describe, . - travel, g - get item
Here: a reaper, wielding a +1 scythe of freezing (lightly wounded) Item here: a scroll of enchant armour.
The floor.
Okay, then.
Okay, then.
Okay, then.
As you read the scroll of teleportation, it crumbles to dust.
You feel strangely unstable. The reaper closely misses you.
The reaper attacks as you move away!
The reaper hits you with a +1 scythe of freezing!!
* * * LOW HITPOINT WARNING * * *
The reaper hits you from afar with a +1 scythe of freezing!
You die...

#.'.........
#.#####'####
##.#.#.#.#.#.
######8.#'#'#.#'#'
#.......#.........
#.#####.#.8.8.8.8.
##.#).=#.#.........
#⌠.'2⌠.#.'.........
##Y#:.(#.#.........
#.#####.#.8.8.8.8.
#.. ...#.........
#### #8.#'#'#.#'#'
#.#.#.#.#.#.
#.#####'####
#.'.........
############


You could see a reaper.

Vanquished Creatures
  An ice dragon (Lair:4)
  3 bog bodies (Lair:2)
  A manticore (D:11)
  A cyclops (D:11)
  A black mamba (Lair:2)
  2 ice statues (IceCv)
  2 cane toads
  Maggie (Lair:1)
  A rime drake (Lair:3)
  3 komodo dragons
  A kobold demonologist (D:11)
  5 anaconda simulacra (IceCv)
  6 ice devils (IceCv)
  3 polar bears (Lair:4)
  A queen bee (D:10)
  6 trolls
  Prince Ribbit (D:9)
  Sigmund (D:4)
  6 wyverns
  2 dire elephant simulacra (IceCv)
  2 basilisks
  16 yaks
  2 steam dragons
  2 swamp worms (Lair:2)
  3 harpy simulacra (IceCv)
  5 water moccasins
  An acid dragon (D:11)
  6 orc warriors
  3 ice beasts
  An ogre (D:11)
  2 black bears
  A sky beast (D:8)
  A centaur (D:9)
  12 wolves
  A phantom (D:5)
  8 bullfrogs
  4 kobold brigands
  5 scorpions
  A gnoll sergeant (D:3)
  A two-headed ogre simulacrum (IceCv)
  4 wights (D:9)
  20 killer bees
  11 howler monkeys
  2 electric eels
  5 hounds
  3 jellies
  A gnoll bouda (D:2)
  3 orc priests
  2 sleepcaps
  3 iguanas
  Terence (D:2)
  Natasha (twice) (D:4)
  7 orc wizards
  A polar bear simulacrum (IceCv)
  2 wolf simulacra (IceCv)
  22 gnolls
  7 adders
  5 white imps
  3 worms
  2 dart slugs
  63 orcs
  4 ball pythons
  4 bats
  6 endoplasms
  2 giant cockroaches
  3 goblins
  8 hobgoblins
  10 jackals (D:3)
  19 kobolds
  4 quokkas (D:1)
  3 frilled lizards
  5 rats
362 creatures vanquished.

Vanquished Creatures (others)
  4 wights (D:6)
  6 fungi
  10 plants
20 creatures vanquished.

Grand Total: 382 creatures vanquished

Notes
Turn   | Place    | Note
-------+----------+-------------------------------------------
     0 | D:1      | erloom the Draconian Transmuter began the quest for the
                  | Orb.
     0 | D:1      | Reached XP level 1. HP: 16/16 MP: 3/3
    92 | D:1      | Found a faded altar of an unknown god.
   171 | D:1      | Reached XP level 2. HP: 23/23 MP: 5/5
   539 | D:1      | Reached skill level 4 in Unarmed Combat
   715 | D:2      | Reached XP level 3. HP: 28/28 MP: 6/6
   908 | D:2      | Noticed Terence
   919 | D:2      | Killed Terence
   920 | D:2      | Reached skill level 5 in Unarmed Combat
   920 | D:2      | Reached XP level 4. HP: 35/35 MP: 5/7
  1748 | D:3      | Reached XP level 5. HP: 19/40 MP: 6/8
  2130 | D:2      | HP: 2/40 [gnoll/+0 flail (6)]
  2399 | D:2      | Learned a level 3 spell: Spider Form
  2447 | D:2      | Reached skill level 1 in Poison Magic
  2789 | D:3      | Reached XP level 6. HP: 24/47 MP: 9/9
  3154 | D:3      | Reached skill level 5 in Transmutations
  3346 | D:3      | Your scales start taking on a glossy black colour.
  3346 | D:3      | Reached XP level 7. HP: 48/48 MP: 10/12
  3346 | D:3      | Gained mutation: You are resistant to electric shocks.
                  | (rElec) [Black Draconian growth]
  4017 | D:4      | Noticed Natasha
  4028 | D:4      | Killed Natasha
  4194 | D:4      | Noticed Sigmund
  4203 | D:4      | Killed Sigmund
  4362 | D:4      | Found a shimmering altar of Xom.
  4381 | D:4      | Found a radiant altar of Vehumet.
  4381 | D:4      | Found a blossoming altar of Fedhas.
  4385 | D:4      | Found a shimmering altar of Xom.
  4385 | D:4      | Found a shadowy altar of Dithmenos.
  4385 | D:4      | Found a white marble altar of Elyvilon.
  4465 | D:4      | Reached skill level 6 in Unarmed Combat
  4504 | D:4      | Learned a level 4 spell: Ice Form
  4569 | D:4      | Found an ornate altar of the Wu Jian Council.
  4694 | D:4      | Noticed Natasha
  4700 | D:4      | Killed Natasha
  4836 | D:4      | Reached XP level 8. HP: 54/61 MP: 14/14
  5221 | D:5      | Entered Level 5 of the Dungeon
  5432 | D:5      | Found a stormy altar of Qazlal.
  5610 | D:5      | Found a snail-covered altar of Cheibriados.
  5901 | D:5      | Reached skill level 7 in Unarmed Combat
  5917 | D:5      | Found a hazy altar of Hepliaklqana.
  6362 | D:6      | Reached skill level 5 in Fighting
  6379 | D:6      | Reached skill level 8 in Unarmed Combat
  6587 | D:6      | Reached skill level 1 in Ice Magic
  6693 | D:6      | Reached XP level 9. HP: 61/74 MP: 15/15
  7054 | D:6      | Found a staircase to the Ecumenical Temple.
  7063 | Temple   | Entered the Ecumenical Temple
  7088 | Temple   | Became a worshipper of Makhleb the Destroyer
  7301 | D:7      | Found a broken altar of Ashenzari.
  7465 | D:7      | Found a blossoming altar of Fedhas.
  7694 | D:7      | Reached skill level 5 in Spellcasting
  7849 | D:7      | Found a glowing golden altar of the Shining One.
  8170 | D:8      | Found Ugunib's Weapon Shop.
  8294 | D:8      | Identified the staff of earth "Zohyrr" {rElec rN+ Stlth-}
  9394 | D:8      | Reached * piety under Makhleb
  9563 | D:9      | Reached XP level 10. HP: 74/83 MP: 15/17
  9670 | D:10     | Entered Level 10 of the Dungeon
 10020 | D:9      | Noticed Prince Ribbit
 10032 | D:9      | Killed Prince Ribbit
 10120 | D:9      | Found a glowing silver altar of Zin.
 10120 | D:9      | Found a radiant altar of Vehumet.
 10990 | D:10     | Found a staircase to the Lair.
 11136 | D:10     | Reached ** piety under Makhleb
 11445 | D:10     | Reached skill level 9 in Unarmed Combat
 11863 | Lair:1   | Entered Level 1 of the Lair of Beasts
 11893 | Lair:1   | Found a transporter.
 11903 | Lair:1   | Found a transporter.
 11903 | Lair:1   | Noticed a cane toad
 12011 | D:11     | Reached skill level 5 in Dodging
 12075 | D:11     | Found a transporter.
 12133 | D:11     | Noticed a cyclops
 12140 | D:11     | Killed a cyclops
 12178 | D:11     | Found a transporter.
 12201 | D:11     | Noticed a manticore
 12213 | D:11     | Killed a manticore
 12214 | D:11     | Reached XP level 11. HP: 87/93 MP: 15/19
 12888 | D:11     | Found a staircase to the Orcish Mines.
 12893 | D:11     | Found Geces's Armour Emporium.
 13181 | D:12     | Noticed a skeletal warrior
 13181 | D:12     | Noticed a skeletal warrior
 13181 | D:12     | Noticed a skeletal warrior
 13415 | Orc:1    | Entered Level 1 of the Orcish Mines
 13418 | Orc:1    | Noticed an orc sorcerer
 13611 | Lair:1   | Noticed Maggie
 13652 | Lair:1   | Killed Maggie
 13709 | Lair:1   | Noticed Bukhlaj's ghost (journeyman HOFi)
 13785 | Lair:1   | Reached skill level 10 in Unarmed Combat
 13792 | Lair:1   | Reached *** piety under Makhleb
 14516 | Lair:2   | Reached skill level 10 in Transmutations
 14583 | Lair:2   | Noticed a bog body
 14592 | Lair:2   | Killed a bog body
 14890 | Lair:2   | Noticed a bog body
 14890 | Lair:2   | Found a staircase to the Swamp.
 14891 | Lair:2   | Noticed a bog body
 14902 | Lair:2   | Killed a bog body
 14903 | Lair:2   | Reached skill level 5 in Ice Magic
 14905 | Lair:2   | Killed a bog body
 15809 | Lair:3   | Found a hole to the Spider Nest.
 17029 | Lair:4   | Noticed an eight-headed hydra
 17239 | Lair:4   | Reached XP level 12. HP: 101/101 MP: 17/22
 17320 | Lair:4   | Found a frozen archway.
 17327 | Lair:4   | Reached skill level 11 in Unarmed Combat
 17331 | Lair:4   | Noticed an ice dragon
 17352 | Lair:4   | Killed an ice dragon
 17389 | IceCv    | Entered an ice cave
 17422 | IceCv    | Reached **** piety under Makhleb
 18115 | IceCv    | Reached skill level 12 in Unarmed Combat
 18208 | IceCv    | Reached skill level 1 in Stealth
 18234 | IceCv    | Noticed a reaper
 18240 | IceCv    | HP: 6/121 [reaper/+1 scythe of freezing (28)]
 18240 | IceCv    | Mangled by a reaper

Illustrated notes

Levels and vault maps discovered:
D:1:      lightli_arrival_maybe_door_vault, layout_basic,
          basic_ecumenical_altar, ebering_dispersal_statue_hall
D:2:      layout_loops_ring, uniq_terence
D:3:      lemuel_castle_with_subvaults [lemuel_castle_interior_original],
          layout_basic
D:4:      layout_basic, doesnt_xom_only_xom, mainiacjoe_overflow_boulevard,
          uniq_natasha, uniq_sigmund
D:5:      layout_basic, mainiacjoe_overflow_alcove_2,
          mainiacjoe_overflow_cross_hatched, cheibriados_altar_1,
          serial_bayou_pond_b, minmay_misc_feat_encased, minivault_26
D:6:      layout_basic, lemuel_temple_firewalk_a, serial_park_tiny_pond,
          lightli_minifort
D:7:      layout_loops_ring, ashenzari_conservatory_becter, lemuel_round_altar,
          lemuel_tele_altar, minmay_misc_feat_columns, serial_bayou_pond_d
D:8:      layout_basic, serial_shops, shop
D:9:      layout_cave_pools, gammafunk_temple_overflow_pools,
          uniq_prince_ribbit1
D:10:     nicolae_cairo_tiling_very_big, layout_rooms, minivault_7
D:11:     gammafunk_worm_tunnel, layout_loops_corners, orc_david_3,
          due_unseen_surprise
D:12:     layout_roguey, uniq_azrael
Temple:   hellmonk_temple_forest_ring
Lair:1:   layout_regular_city, nzn_ghost_randoct, uniq_maggie
Lair:2:   layout_hall_layers, nicolae_swamp_entry_splash_gauntlet,
          patterned_corridor, infiniplex_staircase_pool
Lair:3:   layout_layer_cave, dummy_spider_entry
Lair:4:   layout_cave_shapes, dpeg_slime_entry_corner,
          portal_ice_cave_entry_animals_and_master, lemuel_fruit_fields
Orc:1:    layout_caves
IceCv:    ice_cave_tombish

Skill      XL: |  1  2  3  4  5  6  7  8  9 10 11 12 |
---------------+-------------------------------------+-----
Unarmed Combat | 4 5 6 8 9 10 12 | 12.1
Transmutations | 3 4 5 6 8 9 10 11 | 11.0
Poison Magic   | 1 2 |  2.0
Spellcasting   | 3 4 5 7 |  7.0
Dodging        | 2 5 6 8 |  8.0
Fighting       | 2 5 7 8 |  8.1
Ice Magic      | 1 4 5 |  5.0
Stealth        | 1 |  1.0

Action                     |  1- 3 |  4- 6 |  7- 9 | 10-12 || total
---------------------------+-------+-------+-------+-------++-------
  Melee: Unarmed           |    96 |   162 |   456 |   636 ||  1350
         Tailslap          |    11 |    15 |    47 |    14 ||    87
         Punch             |     1 |       |       |       ||     1
         Kick              |     2 |    23 |    41 |     4 ||    70
         Headbutt          |     1 |    10 |    34 |     3 ||    48
   Cast: Beastly Appendage |     4 |    14 |    25 |     3 ||    46
         Spider Form       |       |       |     9 |    24 ||    33
         Ice Form          |       |       |       |    23 ||    23
 Invoke: Minor Destruction |       |       |       |     1 ||     1
Ability: Breathe Lightning |       |       |     3 |     1 ||     4
         End Transformatio |       |       |       |     1 ||     1
  Evoke: Wand              |       |       |       |     1 ||     1
         Condenser vane    |       |       |       |     1 ||     1
    Use: Potion            |       |     1 |       |     4 ||     5
         Scroll            |       |       |       |    10 ||    10
   Stab: Sleeping          |     1 |       |       |       ||     1
 Armour: Skin              |    20 |    45 |    77 |   105 ||   247
  Dodge: Dodged            |    57 |   108 |   339 |   666 ||  1170
  Block: Buckler           |       |       |       |     1 ||     1
